AoeStats
← Zerbatillo

Arabia

507080712Analyzed
1v1 RM · 16d ago on Sep 16, 2026· 27m 32s· 2 players
Game mode
Random Map
Map size
Tiny (2 player)
Population
200
Speed
Normal
Resources
Standard
Victory
Conquest
Starting age
Dark Age
Ending age
Imperial Age
RankedLock teamsTeams togetherTeam positionsShared explorationLock speedFull tech treeHidden civsTurbo modeCheats
Victory
Defeat
🇩🇪 Persians · Germany
962
+15
🇲🇽 Franks · Mexico
940
-38
Zerbatillo
1:39 Loom
10:29 Feudal Age
11:13 Double-Bit Axe
19:19 Scale Barding Armor
23:42 Fletching
27:58 Castle Age
MVXD
5:16 Loom
11:04 Feudal Age
12:44 Double-Bit Axe
14:01 Scale Barding Armor
17:01 Horse Collar
18:39 Bloodlines
20:24 Gold Mining
23:22 Castle Age
21:50 Fletching
22:08 Stone Mining
24:00 Husbandry
24:07 Crossbowman
27:50 Wheelbarrow
27:00 Town Watch
Connection lost

Rejoining the realm…

Still unreachable

The connection could not be restored.

Session expired

The server has moved on; the page needs a fresh start.